 Dungeon Crawl Stone Soup version 0.18.1-6-gd335043 (webtiles) character file.

21 inmateoo the Ruffian (level 2, -2/17 (20) HPs)
             Began as a Ghoul Air Elementalist on May 20, 2016.
             Slain by an adder (3 damage)
             ... on level 2 of the Dungeon.
             The game lasted 00:01:22 (949 turns).

inmateoo the Ruffian (Ghoul Air Elementalist)        Turns: 949, Time: 00:01:23

HP:   -2/17 (20)    AC:  2    Str:  9 (11) XL:     2   Next: 87%
MP:   3/3           EV: 11    Int: 10      God:
Gold: 22            SH:  3    Dex:  9      Spells: 2 memorised, 1 level left

rFire  . . .     SeeInvis .       - Unarmed
rCold  + . .     Gourm    .     a - +0 robe
rNeg   + + +     Faith    .     l - +0 buckler
rPois  ∞         Spirit   .     (no helmet)
rElec  .         Dismiss  .     (no cloak)
rCorr  .         Reflect  .     (no gloves)
SustAt .         Harm     .     (no boots)
MR     .....                    (no amulet)
Stlth  ++........               (no ring)
                                (no ring)

@: rotting, not resistant to hostile enchantments, unstealthy
A: rotting body, claws 1, carnivore 3, cold resistance 1, negative energy
resistance 3, slow regeneration 1, torment resistance, unbreathing
a: no special abilities


You were on level 2 of the Dungeon.
You were not hungry.

You visited 1 branch of the dungeon, and saw 2 of its levels.

You collected 22 gold pieces.

Inventory:

Armour
 a - a +0 robe (worn)
 l - a +0 buckler (worn)
Scrolls
 d - a scroll of identify {unknown}
 g - a scroll of magic mapping {unknown}
 i - a scroll of enchant armour {unknown}
 j - a scroll of immolation {unknown}
Potions
 h - a potion of lignification {unknown}
 k - a potion of ambrosia {unknown}
Books
 b - a book of Air

   Spells                             Type                      Level
   a - Shock                          Conjuration/Air              1
   b - Swiftness                      Charms/Air                   2
   c - Repel Missiles                 Charms/Air                   2
   d - Static Discharge               Conjuration/Air              3
   e - Lightning Bolt                 Conjuration/Air              5
Comestibles
 c - 2 meat rations


   Skills:
 + Level 0.2 Fighting
 + Level 0.0 Armour
 - Level 1.7 Dodging
 - Level 2.1 Stealth
 + Level 0.1 Shields
 * Level 2.5 Unarmed Combat
 + Level 1.7 Spellcasting
 - Level 0.7 Conjurations
 - Level 2.4 Air Magic


You had one spell level left.
You knew the following spells:

 Your Spells              Type           Power        Failure   Level  Hunger
a - Shock                 Conj/Air       #...         28%         1    ##.....
b - Repel Missiles        Chrm/Air       #.....       52%         2    ###....


Dungeon Overview and Level Annotations

Branches:
Dungeon (2/15)

Altars:


Innate Abilities, Weirdness & Mutations

Your body is rotting away.
You thrive on raw meat.
You are immune to poison.
You have sharp fingernails.
You are carnivorous and can eat meat at any time.
Your flesh is cold resistant.
You are immune to negative energy.
You regenerate slowly when monsters are visible.
You are immune to unholy pain and torment.
You can survive without breathing.


Message History

The adder closely misses you. The adder bites you.
There is a stone staircase leading up here.
You miss the adder. The adder bites you. The adder closely misses you.
You scratch the adder but do no damage. The adder closely misses you.
You closely miss the adder. The adder barely misses you.
You closely miss the adder. The adder bites you.
* * * LOW HITPOINT WARNING * * *
You are too injured to fight recklessly!
Unknown command.
Drink which item? (? for menu, Esc to quit)
It was a potion of mutation.
You feel extremely strange.
Your body decomposes!
You feel weakened.
Your body decomposes!
* * * LOW HITPOINT WARNING * * *
Your body decomposes!
You feel weakened. You block the adder's attack. The adder bites you.
You die...

#.# ... #.#
#!. #.#
#.###
#.#.##
#.@..#
#...S.....+
#.###..####
#. ..# #
.## .# ..
.#


You could see an adder.

Vanquished Creatures
  An ooze (D:1)
  A giant cockroach (D:1)
  6 goblins (D:1)
  A hobgoblin (D:1)
  A ball python (D:1)
  A giant newt (D:1)
  3 kobolds
  A rat (D:1)
15 creatures vanquished.

Notes
Turn   | Place    | Note
--------------------------------------------------------------
     0 | D:1      | inmateoo the Ghoul Air Elementalist began the quest for the Orb.
     0 | D:1      | Reached XP level 1. HP: 14/14 MP: 2/2
   173 | D:1      | Reached skill level 1 in Unarmed Combat
   230 | D:1      | Reached XP level 2. HP: 20/20 MP: 3/3
   849 | D:1      | Learned a level 2 spell: Repel Missiles
   949 | D:2      | Slain by an adder

Skill      XL: |  1  2 |
---------------+-------+-----
Unarmed Combat | 1 2 |  2.5
Fighting       | |  0.2
Dodging        | |  1.7
Stealth        | |  2.1
Shields        | |  0.1
Spellcasting   | |  1.7
Conjurations   | |  0.7
Air Magic      | |  2.4

Action                   || total
-------------------------++-------
Melee: Unarmed           ||    53
  Use: Potion            ||     1
 Stab: Sleeping          ||     1
  Eat: Chunk             ||     8
Armor: Robe              ||     1
Dodge: Dodged            ||    20
Block: Buckler           ||     8
